 Dungeon Crawl Stone Soup version 0.26.1-11-gd32895ea62 (webtiles) character file.

Game seed: 11537266249377281795

118 Descartes the Conjurer (level 4, -6/25 HPs)
             Began as a Deep Elf Wanderer on May 11, 2021.
             Killed from afar by Blork the orc (11 damage)
             ... with a puff of flame
             ... on level 4 of the Dungeon.
             The game lasted 00:04:34 (3204 turns).

Descartes the Conjurer (Deep Elf Wanderer)          Turns: 3204, Time: 00:04:34

Health: -6/25      AC:  4    Str:  9    XL:     4   Next: 72%
Magic:  1/10       EV: 10    Int: 18    God:
Gold:   170        SH:  3    Dex: 14    Spells: 8/9 levels left

rFire    . . .     SeeInvis .   a - +0 dagger
rCold    . . .     Faith    .   o - +0 buckler
rNeg     . . .     Spirit   .   c - +0 robe
rPois    .         Reflect  .   (no helmet)
rElec    .         Harm     .   n - +0 cloak
rCorr    .         Rampage  .   q - +0 pair of gloves
Will     +....                  (no boots)
Stlth    ++........             (no amulet)
HPRegen  0.08/turn              j - ring of willpower
MPRegen  0.12/turn              (no ring)

@: no status effects
A: no striking features
a: no special abilities


You were on level 4 of the Dungeon.
You visited 1 branch of the dungeon, and saw 4 of its levels.

You collected 170 gold pieces.

Inventory:

Hand Weapons
 a - a +0 dagger (weapon)
Missiles
 e - 79 stones (quivered)
 h - 23 sling bullets
Armour
 c - a +0 robe (worn)
 n - a +0 cloak (worn)
 o - a +0 buckler (worn)
 q - a +0 pair of gloves (worn)
Jewellery
 j - a ring of willpower (left hand)
Scrolls
 b - 3 scrolls of identify {unknown}
 d - 4 scrolls of fear {unknown}
 f - a scroll of immolation {unknown}
 g - a scroll of enchant armour {unknown}
 i - 4 scrolls of remove curse {unknown}
 l - a scroll of teleportation {unknown}
 p - a scroll of amnesia {unknown}
 s - a scroll of random uselessness {unknown}
Potions
 k - a potion of attraction {unknown}
 m - a potion of flight {unknown}
 r - a potion of curing {unknown}


   Skills:
 - Level 1.0 Fighting
 - Level 1.3 Polearms
 + Level 0.0 Dodging
 + Level 2.4 Stealth
 + Level 3.0 Spellcasting
 + Level 5.5 Conjurations
 - Level 1.3 Hexes


You had 8 spell levels left.
You knew the following spells:

 Your Spells              Type           Power        Failure   Level
a - Magic Dart            Conj           88%          2%          1

Your spell library contained the following spells:

 Spells                   Type           Power        Failure   Level
 Slow                     Hex            7%           24%         2
 Animate Skeleton         Necr           4%           26%         1
 Conjure Flame            Conj/Fire      12%          26%         3
 Mephitic Cloud           Conj/Pois/Air  9%           36%         3
 Blink                    Tloc           N/A          38%         2
 Call Imp                 Summ           2%           38%         2
 Vampiric Draining        Necr           1%           63%         3


Dungeon Overview and Level Annotations

Branches:
Dungeon (4/15)
 Temple: D:4-7

Altars:
Elyvilon
Nemelex Xobeh
Okawaru
Qazlal

Annotations:
D:4 Blork the orc


Message History

Blork the orc closely misses you.
You hit Blork the orc but do no damage.
Blork the orc is almost dead.
Blork the orc looks braver for a moment.
You hit Blork the orc but do no damage.
Blork the orc is almost dead.
You block Blork the orc's attack.
You barely miss Blork the orc.
Blork the orc is almost dead.
Blork the orc points at you and mumbles some strange words.
The puff of frost hits you.
You hit Blork the orc but do no damage.
Blork the orc is almost dead.
Blork the orc hits you with a +0 trident.
* * * LOW HITPOINT WARNING * * *
You hit Blork the orc.
Blork the orc is almost dead.
Blork the orc points at you and mumbles some strange words.
The puff of flame hits you!
You die...

#### ### ..# ..( #.#
.. ####.###.#.###
#....@........
#.[.o###.#.##. #
#.#..## .. #...
#...######
#.#####.÷[.#
#####...#...##.#
.......#.####.######
.##.........##......#
.......#÷##.##......#


You could see Blork the orc.

Vanquished Creatures
  A jelly (D:3)
  2 adders
  An adder skeleton (D:4)
  2 worms
  4 leopard geckos
  2 orcs
  11 bats
  3 giant cockroaches
  8 goblins
  5 hobgoblins
  A jackal (D:1)
  2 quokkas
  A ball python (D:1)
  A ball python skeleton (D:4)
  2 frilled lizards
  4 kobolds
  4 rats
54 creatures vanquished.

Vanquished Creatures (others)
  6 plants (D:3)
6 creatures vanquished.

Grand Total: 60 creatures vanquished

Notes
Turn   | Place    | Note
-------+----------+-------------------------------------------
     0 | D:1      | Descartes the Deep Elf Wanderer began the quest for the
                  | Orb.
     0 | D:1      | Descartes set off with the following items: a +0 dagger, a
                  | +0 robe; and the following spells available to memorise:
                  | Magic Dart, Slow, Animate Skeleton, Blink, Call Imp,
                  | Conjure Flame, Mephitic Cloud, Vampiric Draining
     0 | D:1      | Reached XP level 1. HP: 12/12 MP: 6/6
     2 | D:1      | Learned a level 1 spell: Magic Dart
   272 | D:1      | Reached skill level 3 in Conjurations
   272 | D:1      | Reached XP level 2. HP: 16/16 MP: 2/8
  1188 | D:2      | Reached skill level 4 in Conjurations
  1188 | D:2      | Reached XP level 3. HP: 17/20 MP: 1/9
  1363 | D:2      | Found a sparkling altar of Nemelex Xobeh.
  1440 | D:2      | Found a white marble altar of Elyvilon.
  2374 | D:3      | Found a stormy altar of Qazlal.
  2376 | D:3      | Noticed a water elemental
  2399 | D:3      | Reached skill level 5 in Conjurations
  2399 | D:3      | Reached XP level 4. HP: 25/25 MP: 3/10
  2471 | D:3      | Noticed an air elemental
  2474 | D:3      | Noticed an earth elemental
  2475 | D:3      | Noticed a fire elemental
  2540 | D:3      | Found an iron altar of Okawaru.
  2966 | D:4      | Noticed Blork the orc
  3204 | D:4      | Killed from afar by Blork the orc

Illustrated notes

Levels and vault maps discovered:
D:1:      minmay_arrival_radiant_lines, layout_basic, minmay_3d_cube
D:2:      layout_loops_cross, lemuel_coloured_pillars_altar, lemuel_round_altar
D:3:      layout_rooms, okawaru_gym_becter, serial_bayou_pond_c,
          nicolae_qazlal_style_of_elements
D:4:      layout_loops_cross, nicolae_overflow_crystal_walls,
          kennysheep_little_box, gammafunk_ghost_arena, uniq_blork_the_orc,
          uniq_pikel

Skill      XL: |  1  2  3 |
---------------+----------+-----
Conjurations   | 3 4 5 |  5.5
Fighting       | |  1.0
Polearms       | |  1.3
Stealth        | |  2.4
Spellcasting   | |  3.0
Hexes          | |  1.3

Action                   |  1- 3 |  4- 6 || total
-------------------------+-------+-------++-------
Melee: Dagger            |       |     6 ||     6
 Cast: Magic Dart        |   108 |    53 ||   161
Armor: Robe              |     3 |     3 ||     6
Dodge: Dodged            |     5 |    18 ||    23
Block: Buckler           |       |     4 ||     4
